 Dungeon Crawl Stone Soup version 0.31.0-11-ge490571c62 (webtiles) character file.

Game seed: 8661438262341811069

86 qw the Shooter (level 4, -2/27 HPs)
             Began as a Deep Elf Hunter on Feb 4, 2024.
             Killed from afar by an orc wizard (9 damage)
             ... with a puff of flame
             ... on level 3 of the Dungeon.
             The game lasted 00:00:06 (2084 turns).

qw the Shooter (Deep Elf Hunter)                    Turns: 2084, Time: 00:00:07

Health: -2/27      AC:  6    Str: 10    XL:     4   Next: 27%
Magic:  6/6        EV: 11    Int: 14    God:
Gold:   108        SH:  0    Dex: 18    Spells: 3/3 levels left

rFire   . . .        a - +0 shortbow
rCold   . . .        (shield currently unavailable)
rNeg    . . .        g - +1 ring mail
rPois   .            (no helmet)
rElec   .            (no cloak)
rCorr   .            (no gloves)
SInv    .            (no boots)
Will    +....        (no amulet)
Stlth   +            (no ring)
HPRegen 0.24/turn    (no ring)
MPRegen 0.10/turn

%: no passive effects
@: no status effects
A: strong-willed 1, robust 1
a: no special abilities


You were on level 3 of the Dungeon.
You visited 1 branch of the dungeon, and saw 3 of its levels.

You collected 108 gold pieces.


Innate Abilities, Weirdness & Mutations

You are strong-willed. (Will+)
You are robust. (+10% HP)


   Skills:
 - Level 1.5 Fighting
 + Level 7.7 Ranged Weapons
 - Level 2.4 Dodging
 - Level 1.2 Stealth


You had 3 spell levels left.
You didn't know any spells.
Your spell library was empty.

Inventory:

Hand Weapons
 a - a +0 shortbow (weapon)
Armour
 g - a +1 ring mail (worn)
Scrolls
 b - a scroll of blinking {unknown}
Potions
 e - 2 potions of haste
 f - a potion of mutation

Dungeon Overview and Level Annotations

Branches:
Dungeon (3/15)

Altars:

Shops:
D:1 *


Message History

The orc is almost dead.
You shoot an arrow. The arrow barely misses the orc.
The orc hits you with a +0 dagger.
You shoot an arrow. The arrow completely misses the orc.
The orc barely misses you.
You shoot an arrow. The arrow barely misses the orc.
The orc hits you with a +0 dagger.
You shoot an arrow. The arrow hits the orc!
You kill the orc!
The hobgoblin misses you.
You shoot an arrow. The arrow hits the hobgoblin.
You kill the hobgoblin!
You shoot an arrow. The arrow hits the orc.
The orc is lightly wounded.
You shoot an arrow.
The arrow hits the orc but does no damage.
The orc is lightly wounded.
The orc hits you but does no damage.
You shoot an arrow. The arrow barely misses the orc.
The orc hits you with a +0 hand axe.
You shoot an arrow.
The arrow hits the orc but does no damage.
The orc is lightly wounded.
You shoot an arrow. The arrow hits the orc.
The orc is heavily wounded.
The orc hits you with a +0 hand axe. The orc hits you with a +0 club.
The orc hits you but does no damage. The orc hits you with a +0 hand axe.
You shoot an arrow. The arrow hits the orc.
You kill the orc!
The orc wizard casts a spell at you. The magic dart hits you!
You shoot an arrow. The arrow hits the orc.
The orc is lightly wounded.
The orc closely misses you.
You shoot an arrow. The arrow hits the orc.
The orc is heavily wounded.
The orc hits you but does no damage.
The orc wizard gestures at you while chanting.
The puff of flame hits you!
You die...

.. .. .. . .#.#
.#. .. )# #..#
#.#####o# #..#
#.....@o# #..#
##.###.## #..#
#.# #..# ##.##
#..#
#.##...###..#
#...........####
####...###.#...##
##.## #......##
#.# #.......####


You could see an orc wizard and an orc.

Vanquished Creatures
  2 adders (D:2)
  A dart slug (D:1)
  2 ribbon worms (D:2)
  3 orcs (D:3)
  A ball python (D:1)
  8 endoplasms
  6 giant cockroaches
  4 goblins
  5 hobgoblins
  4 jackals (D:2)
  2 quokkas (D:1)
  4 bats
  3 frilled lizards
  6 kobolds
  2 rats
53 creatures vanquished.

Notes
Turn   | Place    | Note
-------+----------+-------------------------------------------
     0 | D:1      | qw the Deep Elf Hunter began the quest for the Orb.
     0 | D:1      | Reached XP level 1. HP: 12/12 MP: 3/3
     0 | D:1      | 0 ||| qw: Version: 0.3-a-160-g6735b56
     0 | D:1      | 0 ||| qw: Game counter: 4359
     0 | D:1      | 0 ||| qw: Melee chars always use a shield: true
     0 | D:1      | 0 ||| qw: God list: Okawaru
     0 | D:1      | 0 ||| qw: Allow faded altars: false
     0 | D:1      | 0 ||| qw: Do Orc after clearing Dungeon:15 true
     0 | D:1      | 0 ||| qw: Do second Lair branch before Depths: true
     0 | D:1      | 0 ||| qw: Lair rune preference: random
     0 | D:1      | 0 ||| qw: Goals: Normal
     0 | D:1      | 0 ||| PLANNING D:1-11
   136 | D:1      | Reached XP level 2. HP: 16/16 MP: 4/4
   147 | D:1      | Reached skill level 6 in Ranged Weapons
   730 | D:1      | Reached XP level 3. HP: 20/20 MP: 5/5
   878 | D:1      | Found Lieng's General Store.
   886 | D:1      | 886 ||| SHOPLISTING +0 pair of gloves (45 gold, have 34).
   886 | D:1      | 886 ||| SHOPLISTING scroll of enchant armour (75 gold, have
                  | 34).
   886 | D:1      | 886 ||| UPGRADING to +0 ring mail.
   896 | D:1      | 896 ||| DROPPING +0 leather armour.
   897 | D:1      | 897 ||| READING scroll labelled FEURCH NIAKKO.
   897 | D:1      | 897 ||| ENCHANTING +0 ring mail.
   898 | D:1      | 898 ||| READING scroll labelled TYIMOPLIPI.
   999 | D:1      | 999 ||| DRINKING 3 sedimented emerald potions.
  1000 | D:1      | 1000 ||| DRINKING 2 fuming brown potions.
  1000 | D:1      | Gained mutation: You are robust. (+10% HP) [potion of
                  | mutation]
  1000 | D:1      | Gained mutation: You are strong-willed. (Will+) [potion of
                  | mutation]
  1009 | D:1      | 1009 ||| DRINKING 2 purple potions.
  1114 | D:1      | 1114 ||| DROPPING scroll of butterflies.
  1115 | D:1      | 1115 ||| DROPPING potion of berserk rage.
  1225 | D:2      | 1225 ||| FLEEEEING.
  1226 | D:2      | 1226 ||| FLEEEEING.
  1476 | D:2      | Reached skill level 7 in Ranged Weapons
  1759 | D:2      | Reached XP level 4. HP: 27/27 MP: 6/6
  1968 | D:2      | 1968 ||| READING 2 scrolls labelled APERIEBREH.
  1968 | D:2      | 1968 ||| IDENTIFYING emerald potion
  1969 | D:2      | 1969 ||| READING scroll of identify.
  1969 | D:2      | 1969 ||| IDENTIFYING murky grey potion
  1970 | D:2      | 1970 ||| READING scroll labelled BID WOOHYM.
  1973 | D:2      | 1973 ||| READING scroll labelled JICEST RIWE.
  1974 | D:2      | 1974 ||| DROPPING potion of invisibility.
  1975 | D:2      | 1975 ||| DROPPING potion of magic.
  1997 | D:3      | 1997 ||| PLANNING SEWER
  2084 | D:3      | Killed from afar by an orc wizard

Levels and vault maps discovered:
D:1:      ncdulo_halloftheorcs, layout_loops_corners, serial_shops,
          nicolae_shop_peninsula
D:2:      layout_basic
D:3:      layout_loops_ring, nicolae_overflow_crystal_walls, bloody_trog,
          portal_sewer_entry_a

Skill      XL: |  1  2  3 |
---------------+----------+-----
Ranged Weapons | 6 7 |  7.7
Fighting       | |  1.5
Dodging        | |  2.4
Stealth        | |  1.2

Action                     |  1- 3 |  4- 6 || total
---------------------------+-------+-------++-------
   Fire: Shortbow          |   108 |    28 ||   136
    Use: Potion            |     3 |       ||     3
         Scroll            |     2 |     4 ||     6
 Armour: Leather armour    |     5 |       ||     5
         Ring mail         |    20 |    12 ||    32
  Dodge: Dodged            |    18 |     3 ||    21

Table legend:
 A = Non-vault XP
 B = Vault XP
 C = Vault XP percentage of total XP
 D = Non-vault monster count
 E = Vault monster count
 F = Vault count percentage of total count
                 A         B        C        D         E       F
            +---------+---------+-------+---------+---------+-------
      Total |     124 |       0 |   0.0 |      53 |       0 |   0.0
            +---------+---------+-------+---------+---------+-------
        D:1 |      43 |       0 |   0.0 |      23 |       0 |   0.0
        D:2 |      67 |       0 |   0.0 |      23 |       0 |   0.0
        D:3 |      14 |       0 |   0.0 |       7 |       0 |   0.0
            +---------+---------+-------+---------+---------+-------
